 Dungeon Crawl Stone Soup version 0.30.1-11-g7821555f0a (webtiles) character file.

Game seed: 11428796945311226884

88 PrincessEmiBear the Ruffian (level 4, 0/41 HPs)
             Began as a Troll Warper on Dec 26, 2023.
             Was a Follower of Vehumet.
             Slain by Grinder (5 damage)
             ... on level 3 of the Dungeon.
             The game lasted 00:22:25 (2198 turns).

PrincessEmiBear the Ruffian (Troll Warper)          Turns: 2198, Time: 00:22:26

Health: 0/41       AC:  4    Str: 21    XL:     4   Next: 30%
Magic:  1/5        EV: 10    Int:  9    God:    Vehumet [*.....]
Gold:   79         SH:  0    Dex:  9    Spells: 3/6 levels left

rFire   . .          .
                       - Unarmed
rCold   . . .        (no shield)
rNeg    . . .        a - +0 robe
rPois   .            (helmet restricted)
rElec   .            (no cloak)
rCorr   .            (gloves unavailable)
SInv    .            (boots unavailable)
Will    .....        (no amulet)
Stlth   +            (no ring)
HPRegen 1.06/turn    (no ring)
MPRegen 0.09/turn

%: no passive effects
@: no status effects
A: large, unfitting armour, claws 3, regeneration 1, shaggy fur 1, tough skin 1
a: Renounce Religion


You were on level 3 of the Dungeon.
You worshipped Vehumet.
Vehumet was aware of your devotion.
You visited 1 branch of the dungeon, and saw 3 of its levels.

You collected 79 gold pieces.

Inventory:

Hand Weapons
 f - a +0 dagger
 j - a +0 long sword
Missiles
 c - 7 boomerangs of dispersal (quivered)
Armour
 a - a +0 robe (worn)
 d - a +0 robe
 e - a +0 robe
 h - a +0 ring mail
 k - a +0 ring mail
 m - a +0 helmet
Scrolls
 b - a scroll of blinking
 g - a scroll of fog {unknown}
 i - a scroll of torment {unknown}
 l - 3 scrolls of teleportation {unknown}
 n - a scroll of poison {unknown}
 o - 3 scrolls of identify {unknown}
Potions
 p - 2 potions of brilliance {unknown}


   Skills:
 + Level 1.6 Fighting
 + Level 0.8 Throwing
 + Level 2.3 Dodging
 + Level 0.4 Stealth
 + Level 2.6 Unarmed Combat
 + Level 1.7 Spellcasting
 + Level 1.0 Conjurations
 + Level 2.3 Translocations


You had 3 spell levels left.
You knew the following spells:

 Your Spells              Type           Power      Damage    Failure   Level
a - Magic Dart            Conj           8%         1d3       22%         1
b - Blink                 Tloc           10%        N/A       19%         2

Your spell library contained the following spells:

 Spells                   Type           Power      Damage    Failure   Level
 Lesser Beckoning         Tloc           10%        N/A       19%         2
 Searing Ray              Conj           4%         2d4       34%         2
 Teleport Other           Tloc           5%         N/A       36%         3
 Vhi's Electric Charge    Tloc/Air       4%         N/A       54%         3
 Manifold Assault         Tloc           5%         N/A       77%         4
 Fulminant Prism          Conj/Hex       0%         3d5       95%         4


Dungeon Overview and Level Annotations

Branches:
Dungeon (3/15)

Altars:
Vehumet

Annotations:
D:3 Grinder


Innate Abilities, Weirdness & Mutations

You are too large for most types of armour.
You have claws for hands.
Your natural rate of healing is unusually fast.
You are covered in fur. (AC +1)
You have tough skin. (AC +1)


Message History

Aim: Grinder (almost dead, 100% to hit)
The magic dart hits Grinder.
Grinder is almost dead.
Grinder gestures at you.
You suddenly lose the ability to move!
You can move again.
Grinder gestures at you. You resist with significant effort.
You see here the felid corpse of Natasha.
You barely miss Grinder.
Grinder is almost dead.
Grinder gestures at you. Pain shoots through your body!
You scratch Grinder.
Grinder is almost dead.
Grinder says, "Don't move a muscle."
Grinder hits you.
You writhe in agony.
You closely miss Grinder.
Grinder is almost dead.
Grinder says, "I used to sell toenails on the black market."
Grinder gestures at you. Pain shoots through your body!
You closely miss Grinder.
Grinder is almost dead.
Grinder hits you.
You writhe in agony.
You scratch Grinder but do no damage.
Grinder is almost dead.
Grinder hits you.
* * * LOW HITPOINT WARNING * * *
You writhe in agony.
* * * LOW HITPOINT WARNING * * *
You closely miss Grinder.
Grinder is almost dead.
Grinder hits you.
* * * LOW HITPOINT WARNING * * *
Casting: Magic Dart (safe; 22% risk of failure)
Confirm with . or Enter, or press ? or * to list all spells.
You don't have enough magic to cast this spell.
Grinder attacks as you move away! Grinder hits you.
You die...

#.....# #....†# .##
#..)..##### ...
#.........# ..○.
#######.#.## ...○r
#######.#..###..○☼.
#.................☼
###.####............
#..<..@5...........#
#.#.#########.###..#
# #.. ..# ##.# #...
.. ##.. #.# ### .#
.#


You could see Grinder.

Vanquished Creatures
  Natasha (D:3)
  2 adders (D:2)
  A dart slug (D:2)
  3 endoplasms
  4 giant cockroaches
  4 goblins (D:1)
  7 hobgoblins
  A kobold (D:2)
  2 quokkas
  4 ball pythons
  5 bats (D:2)
  4 frilled lizards
38 creatures vanquished.

Notes
Turn   | Place    | Note
-------+----------+-------------------------------------------
     0 | D:1      | PrincessEmiBear the Troll Warper began the quest for the
                  | Orb.
     0 | D:1      | Reached XP level 1. HP: 19/19 MP: 1/1
   279 | D:1      | Reached XP level 2. HP: 27/27 MP: 2/2
   298 | D:1      | Found a faded altar of an unknown god.
   333 | D:1      | Prayed at the altar of an unknown god.
   333 | D:1      | Became a worshipper of Vehumet
   333 | D:1      | Reached * piety under Vehumet
   333 | D:1      | Offered knowledge of Magic Dart by Vehumet.
   336 | D:1      | Learned a level 1 spell: Magic Dart
   339 | D:1      | Learned a level 2 spell: Blink
  1208 | D:2      | Reached XP level 3. HP: 33/33 MP: 1/4
  2158 | D:3      | Found a radiant altar of Vehumet.
  2158 | D:3      | Noticed Grinder
  2158 | D:3      | Noticed Natasha
  2177 | D:3      | Killed Natasha
  2178 | D:3      | Reached skill level 1 in Conjurations
  2178 | D:3      | Reached XP level 4. HP: 21/41 MP: 1/5
  2187 | D:3      | Paralysed by Grinder for 3 turns
  2198 | D:3      | Slain by Grinder

Illustrated notes

Levels and vault maps discovered:
D:1:      kennysheep_arrival_forest, layout_loops_cross,
          ebering_ecumenical_altar_rust
D:2:      layout_basic
D:3:      layout_rooms, fiery_altar_vehumet, uniq_natasha, uniq_grinder,
          uniq_terence

Skill      XL: |  1  2  3 |
---------------+----------+-----
Dodging        | 2 |  2.3
Conjurations   | 1 |  1.0
Fighting       | |  1.6
Throwing       | |  0.8
Stealth        | |  0.4
Unarmed Combat | |  2.6
Spellcasting   | |  1.7
Translocations | |  2.3

Action                     |  1- 3 |  4- 6 || total
---------------------------+-------+-------++-------
  Melee: Unarmed           |    85 |    13 ||    98
   Cast: Magic Dart        |    43 |     3 ||    46
 Armour: Robe              |    21 |     2 ||    23
  Dodge: Dodged            |    46 |     2 ||    48
